 Dungeon Crawl Stone Soup version 0.19.5 (webtiles) character file.

79 miragecloak the Cudgeler (level 4, 0/35 HPs)
             Began as a Formicid Abyssal Knight on Apr 27, 2017.
             Was a Follower of Lugonu.
             Slain by an orc
             ... wielding a +0 short sword
              (6 damage)
             ... on level 4 of the Dungeon.
             The game lasted 00:01:34 (1845 turns).

miragecloak the Cudgeler (Formicid Abyssal Knight)  Turns: 1845, Time: 00:01:35

Health: 0/35       AC:  3    Str: 16    XL:     4   Next: 62%
Magic:  5/5        EV: 11    Int: 12    God:    Lugonu [*.....]
Gold:   65         SH:  0    Dex: 11    Spells: 0 memorised, 3 levels left

rFire  . . .     SeeInvis +     a - +1 mace
rCold  . . .     Gourm    .     b - +0 leather armour
rNeg   . . .     Faith    .     (no shield)
rPois  .         Spirit   .     (helmet unavailable)
rElec  .         Reflect  .     (no cloak)
rCorr  .         Harm     .     (no gloves)
MR     .....                    (no boots)
Stlth  +.........               (no amulet)
                                (no ring)
                                (no ring)

@: no status effects
A: permanent stasis, dig shafts and tunnels, four strong arms, antennae 3
a: Dig, Shaft Self, Depart the Abyss, Renounce Religion


You were on level 4 of the Dungeon.
You worshipped Lugonu.
Lugonu was aware of your devotion.
You were not hungry.

You visited 1 branch of the dungeon, and saw 3 of its levels.
You visited the Abyss 1 time.

You collected 65 gold pieces.

Inventory:

Hand Weapons
 a - a +1 mace (weapon)
Armour
 b - a +0 leather armour (worn)
Jewellery
 k - a +2 ring of dexterity {unknown}
 p - an uncursed ring of flight {unknown}
Scrolls
 d - 2 scrolls of remove curse {unknown}
 e - a scroll of fear {unknown}
 f - a scroll of amnesia {unknown}
 h - a scroll of random uselessness {unknown}
 j - a scroll of enchant weapon {unknown}
 l - 2 scrolls of teleportation {unknown}
 m - a scroll of blinking {unknown}
 o - a scroll of identify {unknown}
Potions
 g - a potion of agility {unknown}
 i - a potion of might {unknown}
 n - a potion of lignification {unknown}
Comestibles
 c - 3 bread rations


   Skills:
 - Level 3.2 Fighting
 + Level 4.4 Maces & Flails
 - Level 2.1 Armour
 - Level 0.8 Dodging
 - Level 2.1 Invocations


You had 3 spell levels left.
You didn't know any spells.

Dungeon Overview and Level Annotations

Branches:
Dungeon (2/15)

Altars:
Gozag
Nemelex Xobeh
Xom


Innate Abilities, Weirdness & Mutations

You are under a permanent stasis effect.
You can dig through walls and to a lower floor.
Your four strong arms can wield two-handed weapons with a shield.
You have a pair of large antennae on your head. (SInv)


Message History

You closely miss the orc. The orc barely misses you.
An orc comes into view. It is wielding a short sword.
You barely miss the orc.
The orc shouts!
The orc moves out of view.
You hit the orc but do no damage. The orc hits you but does no damage.
You hit the orc.
The orc is almost dead.
The orc hits you with a flail.
* * * LOW HITPOINT WARNING * * *
You closely miss the orc.
The orc is almost dead.
The orc hits you but does no damage.
You hit the orc.
You kill the orc!
Lugonu accepts your kill.
You closely miss the orc. The orc hits you with a short sword.
* * * LOW HITPOINT WARNING * * *
The orc hits you with a short sword.
You die...

....... #.###.#
.......#####.# #.#
.......)...#.###.#
...{...#.#.....#.#
.......#.#######.#
.o..####.#.# #.#
... #.#.# #.# ....#
#o#.# #.# .
...###@#.#####.###
........#.........#
..#.......#########
#..#...#.###.#
#.......)....#
#....#.#.###.#
#....#.....#.#
##...#.##..#.#
..##...#.##..#.#


You could see an orc.

Vanquished Creatures
  A hound (D:4)
  An adder (D:2)
  An ooze (D:1)
  2 worms (D:2)
  A dart slug (D:2)
  2 orcs (D:4)
  3 giant cockroaches
  2 goblins (D:2)
  2 hobgoblins (D:2)
  2 bats
  3 frilled lizards
  6 kobolds
  5 rats
31 creatures vanquished.

Notes
Turn   | Place    | Note
-------+----------+-------------------------------------------
     0 | Abyss:1  | miragecloak the Formicid Abyssal Knight began the quest for the Orb.
     0 | Abyss:1  | Reached XP level 1. HP: 18/18 MP: 2/2
    53 | Abyss:1  | Noticed a black draconian shifter
    54 | D:1      | Escaped the Abyss
   114 | D:1      | Reached * piety under Lugonu
   114 | D:1      | Reached XP level 2. HP: 21/24 MP: 3/3
   136 | D:1      | Found a shimmering altar of Xom.
   624 | D:2      | Reached skill level 3 in Maces & Flails
   627 | D:2      | Found an opulent altar of Gozag.
   730 | D:2      | Reached XP level 3. HP: 18/29 MP: 4/4
  1222 | D:2      | Found a sparkling altar of Nemelex Xobeh.
  1552 | D:2      | HP: 1/29 [adder (2)]
  1751 | D:2      | You fall through a shaft for 2 floors!
  1801 | D:4      | Reached skill level 4 in Maces & Flails
  1801 | D:4      | Reached XP level 4. HP: 15/35 MP: 5/5
  1845 | D:4      | Slain by an orc

Skill      XL: |  1  2  3 |
---------------+----------+-----
Maces & Flails | 3 4 |  4.4
Fighting       | |  3.2
Armour         | |  2.1
Dodging        | |  0.8
Invocations    | |  2.1

Action                   |  1- 3 |  4- 6 || total
-------------------------+-------+-------++-------
Melee: Mace              |    91 |    10 ||   101
Invok: Depart the Abyss  |     1 |       ||     1
  Use: Potion            |     2 |       ||     2
  Eat: Chunk             |     3 |       ||     3
Armor: Leather armour    |    19 |     2 ||    21
Dodge: Dodged            |    54 |     3 ||    57
